 Dungeon Crawl Stone Soup version 0.28.0-53-g5a82cb258f (webtiles) character file.

Game seed: 1565313881229655235

175 Peloso the Covered (level 5, -3/47 HPs)
             Began as a Minotaur Fighter on July 15, 2022.
             Killed from afar by Natasha (5 damage)
             ... with a magic dart
             ... on level 4 of the Dungeon.
             The game lasted 00:04:20 (2888 turns).

Peloso the Covered (Minotaur Fighter)               Turns: 2888, Time: 00:04:21

Health: -3/47      AC:  7    Str: 20    XL:     5   Next: 29%
Magic:  4/4        EV: 18    Int:  5    God:
Gold:   168        SH:  0    Dex: 12    Spells: 4/4 levels left

rFire   + + .      SeeInvis .   (weapon currently unavailable)
rCold   + + .      Faith    .   (shield currently unavailable)
rNeg    + + +      Spirit   .   (armour currently unavailable)
rPois   ∞          Reflect  .   (helmet currently unavailable)
rElec   +          Harm     .   (cloak currently unavailable)
rCorr   +          Rampage  .   (gloves currently unavailable)
Will    .....                   (boots currently unavailable)
Stlth   +.........              (amulet currently unavailable)
HPRegen 0.15/turn               (ring currently unavailable)
MPRegen 0.09/turn               (ring currently unavailable)

@: wisp-form, flying, hasted and slowed
A: insubstantial, flying, no casting, tiny, (horns 2), (retaliatory headbutt)
a: no special abilities


You were on level 4 of the Dungeon.
You were an insubstantial wisp.
You visited 1 branch of the dungeon, and saw 4 of its levels.

You collected 168 gold pieces.

Inventory:

Hand Weapons
 a - a +0 long sword (melded)
Armour
 b - a +0 scale mail
 c - a +0 buckler (melded)
 l - a +1 chain mail (melded)
Wands
 n - a wand of acid (7)
Scrolls
 h - a scroll of enchant armour
Potions
 d - a potion of might
 k - a potion of attraction {unknown}
 m - a potion of berserk rage {unknown}
 o - a potion of resistance {unknown}


   Skills:
 + Level 4.6 Fighting
 + Level 4.1 Long Blades
 + Level 4.8 Armour
 + Level 1.0 Dodging
 + Level 0.2 Stealth
 + Level 4.3 Shields


You had 4 spell levels left.
You didn't know any spells.
Your spell library was empty.

Dungeon Overview and Level Annotations

Branches:
Dungeon (4/15)
 Temple: D:4-7

Altars:

Shops:
D:1 ((:*(

Annotations:
D:4 Natasha


Innate Abilities, Weirdness & Mutations

You are an insubstantial wisp.
Your tiny insubstantial body is highly resistant to most damage types.
You are flying.
Your equipment is entirely melded.
You are incapable of wielding weapons or throwing items.
You cannot cast spells.
((You have a pair of horns on your head.))
((You reflexively headbutt those who attack you in melee.))


Message History

You block the shadow imp's attack. Natasha claws you.
* * * LOW HITPOINT WARNING * * *
You completely miss the shadow imp. The shadow imp puffs mist at you.
The shadow imp barely misses you. You furiously retaliate!
You headbutt the shadow imp.
Natasha hisses.
Natasha zaps a wand.
You turn into an insubstantial wisp.
Your +0 long sword melds into your body.
Your +0 buckler melds into your body.
Your +1 chain mail melds into your body.
The now-empty wand crumbles to dust.
The shadow imp closely misses you. Natasha barely misses you.
You touch Natasha but do no damage.
The shadow imp hits you.
* * * LOW HITPOINT WARNING * * *
Natasha misses you. The shadow imp closely misses you.
You completely miss Natasha.
Natasha stares at you and mumbles some strange words.
The magic dart hits you.
* * * LOW HITPOINT WARNING * * *
The shadow imp misses you. Natasha claws you.
* * * LOW HITPOINT WARNING * * *
You touch Natasha.
Natasha is moderately wounded.
The shadow imp closely misses you. Natasha completely misses you.
The shadow imp misses you.
You completely miss Natasha.
Natasha is moderately wounded.
Natasha claws you.
* * * LOW HITPOINT WARNING * * *
The shadow imp barely misses you. Natasha casts a spell at you.
You resist with some effort.
Natasha mumbles some strange words.
It was a potion of lignification.
You feel woody for a moment. The shadow imp closely misses you.
The shadow imp completely misses you.
It was a potion of haste.
You feel yourself speed up. Natasha casts a spell at you.
The magic dart hits you.
You die...

.. #.#
#+#####..........
#####.... ..##...h...
#.......###.##.......
#....<......##.......
#....5.)###.........
#.....5.....##......
#....vh####....#######
#......# #...........
#......# ############
######## #####
#...###### #.>.##....
... #####


You could see Natasha, a white imp (summoned) and a shadow imp (summoned).

Vanquished Creatures
  A hound (D:3)
  A jelly (D:4)
  Ijyb (D:4)
  Natasha (D:4)
  An adder (D:2)
  An adder skeleton (D:4)
  A worm (D:4)
  A dart slug (D:1)
  2 bats (D:1)
  4 endoplasms
  2 giant cockroaches (D:1)
  4 hobgoblins
  8 jackals
  A quokka (D:3)
  4 ball pythons
  3 frilled lizards
  5 goblins (D:1)
  5 kobolds
  5 rats
51 creatures vanquished.

Notes
Turn   | Place    | Note
-------+----------+-------------------------------------------
     0 | D:1      | Peloso the Minotaur Fighter began the quest for the Orb.
     0 | D:1      | Reached XP level 1. HP: 19/19 MP: 0/0
    18 | D:1      | Found Voj Epi's Book Emporium.
    95 | D:1      | Reached XP level 2. HP: 18/27 MP: 1/1
   299 | D:1      | Found Mamuc's Antique Weapon Shoppe.
   367 | D:1      | Found Tinkuepp's General Store.
   548 | D:1      | Found Ostupo's Antique Weapon Emporium.
   579 | D:1      | Found Nuynuw's Antique Weapon Shop.
   776 | D:2      | Reached XP level 3. HP: 33/33 MP: 2/2
  1283 | D:2      | Found a faded altar of an unknown god.
  1772 | D:3      | Reached XP level 4. HP: 38/41 MP: 3/3
  2479 | D:4      | Noticed Natasha
  2791 | D:4      | Killed Natasha
  2860 | D:4      | Reached skill level 1 in Dodging
  2860 | D:4      | Reached XP level 5. HP: 38/47 MP: 4/4
  2861 | D:4      | Noticed Natasha
  2864 | D:4      | Noticed Ijyb
  2879 | D:4      | Killed Ijyb
  2885 | D:4      | HP: 1/47 [Natasha (3)]
  2888 | D:4      | Killed from afar by Natasha

Illustrated notes

Levels and vault maps discovered:
D:1:      minmay_arrival_doors, layout_loops_ring, serial_shops,
          nicolae_lakefront_shop, shop, shop, shop_statue, shop_coins
D:2:      layout_loops_ring, dreamdust_ecumenical_altar_statues
D:3:      layout_basic, minivault_25, minmay_strange_pillars,
          kennysheep_cluttered_room, hangedman_decor_growths,
          minmay_misc_feat_rows
D:4:      layout_basic, gammafunk_ghost_grave, portal_sewer_entry_b,
          nicolae_elevator_lobby_plus, uniq_duvessa, uniq_ijyb, uniq_natasha

Skill      XL: |  1  2  3  4  5 |
---------------+----------------+-----
Fighting       | 4 |  4.6
Shields        | 4 |  4.3
Armour         | 4 |  4.8
Long Blades    | 3 4 |  4.1
Dodging        | 1 |  1.0
Stealth        | |  0.2

Action                   |  1- 3 |  4- 6 || total
-------------------------+-------+-------++-------
Melee: Long sword        |    79 |    40 ||   119
       Headbutt          |    10 |     4 ||    14
       Unarmed           |       |     8 ||     8
  Use: Scroll            |       |     4 ||     4
       Potion            |       |     2 ||     2
Armor: Scale mail        |    33 |       ||    33
       Chain mail        |    13 |    20 ||    33
Dodge: Dodged            |    33 |    23 ||    56
Block: Buckler           |    27 |     8 ||    35
